 Dungeon Crawl Stone Soup version 0.20-a0-555-gf6ae02d (webtiles) character file.

70 Laan the Conjurer (level 4, -3/30 HPs)
             Began as a Mummy Fire Elementalist on Feb 8, 2017.
             Killed from afar by Sigmund (7 damage)
             ... with a magic dart
             ... on level 2 of the Dungeon.
             The game lasted 00:03:18 (1947 turns).

Laan the Conjurer (Mummy Fire Elementalist)         Turns: 1947, Time: 00:03:19

Health: -3/30      AC:  2    Str: 11    XL:     4   Next: 4%
Magic:  1/8        EV: 12    Int: 15    God:
Gold:   69         SH:  0    Dex: 12    Spells: 7/8 levels left

rFire    x . .     SeeInvis .   c - +0 short sword
rCold    + . .     Gourm    .   a - +0 robe
rNeg     + + +     Faith    .   (no shield)
rPois    ∞         Spirit   .   (no helmet)
rElec    .         Reflect  .   (no cloak)
rCorr    .         Harm     .   (no gloves)
MR       .....                  (no boots)
Stlth    ++........             (no amulet)
Regen    0.1/turn               (no ring)
                                (no ring)

@: no status effects
A: no food or potions, fire vulnerability, cold resistance 1, negative energy
resistance 3, torment resistance, unbreathing
a: no special abilities


You were on level 2 of the Dungeon.
You were not hungry.

You visited 1 branch of the dungeon, and saw 2 of its levels.

You collected 69 gold pieces.

Inventory:

Hand Weapons
 c - a +0 short sword (weapon)
Armour
 a - a +0 robe (worn)
Scrolls
 d - a scroll of random uselessness {unknown}
 e - 2 scrolls of teleportation {unknown}
 f - a scroll of identify {unknown}
 g - a scroll of immolation {unknown}
 h - a scroll of remove curse {unknown}
Books
 b - a book of Flames

   Spells                             Type                      Level
   a - Flame Tongue                   Conjuration/Fire             1
   b - Throw Flame                    Conjuration/Fire             2
   c - Conjure Flame                  Conjuration/Fire             3
   d - Inner Flame                    Hexes/Fire                   3
   e - Sticky Flame                   Conjuration/Fire             4
   f - Fireball                       Conjuration/Fire             5


   Skills:
 - Level 1.5 Dodging
 - Level 1.5 Stealth
 - Level 2.6 Spellcasting
 + Level 3.2 Conjurations
 - Level 2.4 Fire Magic


You had 7 spell levels left.
You knew the following spells:

 Your Spells              Type           Power        Failure   Level  Hunger
a - Flame Tongue          Conj/Fire      ##...        10%         1    N/A

Dungeon Overview and Level Annotations

Branches:
Dungeon (2/15)

Altars:
Xom

Annotations:
D:2 Sigmund


Innate Abilities, Weirdness & Mutations

You do not eat or drink.
Your flesh is vulnerable to fire.
You are immune to poison.
Your flesh is cold resistant. (rC+)
You are immune to negative energy. (rN+++)
You are immune to unholy pain and torment.
You can survive without breathing.


Message History

Sigmund is severely wounded.
Casting: Flame Tongue
Confirm with . or Enter, or press ? or * to list all spells.
Aiming: Flame Tongue
Press: ? - help, Shift-Dir - straight line, f/p - Sigmund
Aim: Sigmund, wielding a scythe and wearing a robe (severely wounded)
The flame tongue misses Sigmund.
Sigmund hits you from afar with a scythe.
* * * LOW HITPOINT WARNING * * *
Casting: Flame Tongue
Confirm with . or Enter, or press ? or * to list all spells.
You don't have enough magic to cast that spell.
There is an open door here.
There is an open door here.
Sigmund gestures wildly while chanting.
Sigmund flickers and vanishes!
Deactivating autopickup; reactivate with Ctrl-A.
A magic dart appears from out of thin air!
The magic dart hits you!
You die...

....#
#.....###.......
.g_.. ....#
#####..##......# ...
#÷### ##.##.######
... #.# ######..#.#
... #.# #.......#.#
#@# #.#
#.......#.###### #.#
#.# #.........##...#
#.# #.#
#.........##...####.#
#.#
########.@.'.{.g..(.#
..# #####)..######
### #...# #...# #...#
#...# #...# #...#
#...#


You could see a hobgoblin.

Vanquished Creatures
  3 adders (D:2)
  An ooze (D:1)
  2 worms (D:2)
  A dart slug (D:2)
  5 giant cockroaches
  2 goblins
  2 hobgoblins (D:2)
  5 bats
  A frilled lizard (D:1)
  6 kobolds
  5 rats
33 creatures vanquished.

Notes
Turn   | Place    | Note
-------+----------+-------------------------------------------
     0 | D:1      | Laan the Mummy Fire Elementalist began the quest for the Orb.
     0 | D:1      | Reached XP level 1. HP: 13/13 MP: 4/4
    58 | D:1      | Reached skill level 1 in Conjurations
   404 | D:1      | Reached XP level 2. HP: 19/19 MP: 1/5
   770 | D:1      | Reached skill level 2 in Conjurations
  1214 | D:2      | Reached XP level 3. HP: 24/24 MP: 1/7
  1632 | D:2      | Reached skill level 3 in Conjurations
  1760 | D:2      | Reached XP level 4. HP: 30/30 MP: 5/8
  1926 | D:2      | Noticed Sigmund
  1927 | D:2      | Found a shimmering altar of Xom.
  1947 | D:2      | Killed from afar by Sigmund

Vault maps used:
D:1:      scummos_arrival_checkerplants, minmay_misc_feat_tiny
D:2:      lemuel_round_altar, uniq_sigmund

Skill      XL: |  1  2  3 |
---------------+----------+-----
Conjurations   | 1 2 3 |  3.2
Dodging        | |  1.5
Stealth        | |  1.5
Spellcasting   | |  2.6
Fire Magic     | |  2.4

Action                   |  1- 3 |  4- 6 || total
-------------------------+-------+-------++-------
Melee: Unarmed           |     3 |       ||     3
       Short sword       |     1 |       ||     1
 Cast: Flame Tongue      |    60 |    13 ||    73
Armor: Robe              |     4 |     1 ||     5
Dodge: Dodged            |    18 |     3 ||    21
